Map: 포트 알렉산더 - 래더

Players

DnS - Winner!

  • Race: Protoss Protoss
  • Spawn Location: 11:00

Gerald

  • Race: Protoss Protoss
  • Spawn Location: 5:00

Event: IEM Season 13: Katowice (2019)

VOD

Have the link to the VOD?

Description

Time

  • Played on: Feb. 26, 2019, 9:56 a.m.
  • Length: 10:50

All games in this series

Show
View Real Time Build Order
Export as new Build Order

DnS Protoss - Winner!

Build Orders: Oracle Opening 

Get SALT Encoding   

  12  0:00  Probe  
  13  0:12  Probe  
  14  0:18  Pylon  
  14  0:24  Probe  
  15  0:32  Probe  
  15  0:38  Gateway  
  15  0:40  Probe  
  16  0:47  Assimilator  
  17  0:51  Probe  
  17  0:56  Assimilator  
  18  1:00  Probe  
  19  1:08  Probe  
  19  1:09  Gateway  
  19  1:17  Probe  
  21  1:26  Cybernetics Core  
  21  1:29  Probe  
  22  1:37  Pylon  
  22  1:41  Probe  
  23  1:55  Probe  
  24  2:02  Warp Gate, Stalker  
  24  2:03  Sentry  
  28  2:10  Pylon  
  28  2:22  Pylon  
  27  2:31  Adept  
  27  2:32  Adept  
  31  2:43  Stargate  
  31  3:02  Nexus  
  31  3:06  Probe  
  32  3:16  Oracle  
  32  3:18  Probe  
  36  3:30  Probe  
  36  3:31  Pylon  
  37  3:46  Probe  
  38  3:53  Stalker  
  38  3:54  Stalker  
  40  3:58  Probe  
  41  4:04  Twilight Council  
  41  4:10  Probe  
  41  4:15  Probe  
  41  4:18  Stalker  
  41  4:20  Probe  
  41  4:23  Stalker  
  46  4:25  Probe  
  46  4:28  Probe  
  47  4:33  Probe  
  47  4:36  Probe  
  49  4:41  Blink  
  49  4:42  Probe  
  50  4:48  Probe  
  50  4:50  Probe  
  52  4:59  Probe, Robotics Facility  
  53  5:00  Stalker  
  53  5:01  Probe  
  53  5:05  Pylon  
  54  5:14  Probe  
  54  5:15  Probe  
  52  5:23  Probe x2  
  54  5:31  Probe  
  54  5:32  Probe  
  55  5:36  Stalker  
  55  5:37  Stalker  
  59  5:47  Immortal, Probe  
  64  5:50  Assimilator  
  64  5:52  Assimilator  
  64  5:56  Probe  
  65  5:59  Probe  
  65  6:00  Shield Battery  
  65  6:01  Pylon  
  66  6:08  Probe  
  66  6:11  Forge  
  67  6:12  Probe  
  68  6:20  Probe, Observer  
  68  6:24  Probe  
  70  6:32  Gateway  
  71  6:35  Gateway  
  71  6:37  Probe  
  71  6:38  Immortal, Protoss Ground Weapons Level 1  
  72  6:42  Gateway  
  76  6:49  Charge  
  76  6:59  Gateway  
  76  7:01  Stalker, Templar Archives  
  78  7:36  Pylon  
  78  7:41  Gateway, Pylon  
  78  7:49  Gateway  
  78  7:54  Immortal, Phoenix  
  84  7:59  High Templar x2, Protoss Ground Weapons Level 2  
  84  8:00  Zealot x3  
  84  8:03  Pylon  
  84  8:04  Archon  
  94  8:13  Nexus  
  94  8:25  Zealot x2, High Templar x2  
  102  8:29  Pylon  
  102  8:31  Colossus, Archon  
  102  8:42  Pylon  
  102  8:50  High Templar x2  
  102  8:51  Zealot  
  102  8:52  Zealot  
  102  8:55  Archon  
  110  8:58  Pylon  
  110  9:03  Zealot x3  
  110  9:04  Zealot  
  118  9:11  Warp Prism  
  120  9:20  High Templar  
  120  9:21  High Templar  
  120  9:25  Archon  
  120  9:30  Zealot x3  
  126  9:43  High Templar  
  126  9:44  High Templar  
  126  9:45  Zealot  
  132  9:46  Pylon  
  132  9:49  Archon  
  132  9:52  Zealot  
  134  9:53  Zealot x3  
  137  10:09  Pylon  
  137  10:10  Pylon  
  137  10:14  High Templar x2  
  137  10:15  Zealot x2  
  137  10:16  Zealot x2  
  137  10:18  Archon  
  109  10:38  Zealot x5  
  103  10:47  Zealot x3  
Show
View Real Time Build Order
Export as new Build Order

Gerald Protoss 

Build Orders: Oracle Opening 

Get SALT Encoding   

  12  0:00  Probe  
  13  0:12  Probe  
  14  0:18  Pylon  
  14  0:23  Probe  
  15  0:32  Probe  
  15  0:38  Gateway  
  15  0:41  Probe  
  16  0:47  Assimilator  
  17  0:53  Probe  
  17  0:56  Assimilator  
  18  1:01  Probe  
  18  1:09  Probe  
  19  1:17  Gateway  
  20  1:20  Probe  
  21  1:28  Cybernetics Core  
  21  1:32  Probe  
  22  1:35  Pylon  
  22  1:44  Probe  
  23  1:56  Probe  
  23  1:57  Sentry  
  24  2:05  Stalker  
  24  2:07  Warp Gate  
  28  2:10  Probe  
  28  2:15  Pylon  
  29  2:22  Probe  
  30  2:40  Stargate  
  29  2:46  Nexus  
  29  2:50  Probe  
  30  3:00  Adept  
  30  3:02  Adept  
  30  3:03  Probe  
  35  3:11  Pylon  
  35  3:14  Oracle  
  35  3:21  Probe  
  39  3:38  Shield Battery  
  39  3:51  Oracle  
  40  3:56  Probe  
  40  3:58  Probe  
  42  4:05  Shield Battery  
  42  4:07  Twilight Council  
  42  4:08  Probe  
  43  4:11  Stalker, Probe  
  45  4:20  Stalker  
  45  4:21  Probe  
  45  4:23  Probe  
  49  4:26  Blink  
  49  4:33  Probe  
  49  4:35  Probe  
  49  4:37  Pylon  
  49  4:38  Stalker  
  53  4:45  Probe  
  54  4:47  Probe  
  55  4:53  Shield Battery  
  55  4:57  Probe  
  55  4:59  Probe  
  57  5:09  Probe  
  57  5:11  Probe  
  54  5:21  Stalker  
  54  5:22  Stalker  
  59  5:29  Assimilator x2  
  59  5:31  Forge  
  59  5:32  Robotics Facility  
  59  5:33  Probe  
  59  5:34  Probe  
  59  5:35  Protoss Ground Weapons Level 1  
  60  5:38  Pylon  
  60  5:45  Probe  
  60  5:46  Stalker  
  60  5:48  Probe  
  64  5:59  Gateway  
  64  6:00  Gateway  
  64  6:02  Stalker  
  64  6:03  Probe, Pylon  
  67  6:11  Stalker  
  69  6:18  Pylon  
  69  6:22  Gateway, Observer  
  69  6:23  Gateway  
  70  6:31  Charge  
  70  6:40  Zealot x2  
  70  6:43  Immortal  
  70  6:44  Pylon  
  78  7:00  Zealot  
  78  7:01  Zealot x3  
  86  7:03  Templar Archives  
  86  7:13  Immortal  
  86  7:17  Protoss Ground Weapons Level 2  
  88  7:38  Nexus  
  88  7:40  Pylon  
  88  7:52  Warp Prism  
  90  7:59  High Templar  
  90  8:00  High Templar  
  94  8:09  Gateway x2  
  94  8:10  Zealot x2  
  98  8:15  High Templar x2  
  102  8:24  Archon  
  99  8:39  High Templar, Archon  
  99  8:40  Zealot x2, High Templar  
  107  8:42  Probe  
  107  8:44  Probe  
  107  8:45  Phoenix  
  109  8:54  Probe  
  112  8:57  Probe  
  112  8:58  Probe  
  114  9:05  Stalker  
  114  9:06  Probe  
  114  9:09  Zealot x2  
  122  9:10  Zealot, Probe  
  122  9:26  High Templar  
  122  9:31  Pylon x2  
  124  9:33  Pylon  
  124  9:34  Archon  
  124  9:38  Shield Battery  
  124  9:39  Shield Battery, Assimilator  
  124  9:42  Assimilator  
  124  9:45  Photon Cannon  
  124  9:59  High Templar  
  120  10:00  High Templar x2  
  120  10:03  Zealot x5  
  120  10:04  Archon  
  120  10:05  Archon  
  130  10:20  Zealot  
  136  10:26  Zealot x6  
  136  10:27  Zealot  
  110  10:39  Zealot  
  82  10:45  Zealot x2  
  82  10:46  Zealot  

Tags
 
Add a new tag
Caveats
  • Supply blocks, unpowered buildings, or Contaminate may cause inaccurate times.
  • Supply counts are checked every 10 seconds.